Workbook

Sheet SIP 026-2026
B2: RESULTADOS ESTUDIO DE MERCADO 2026 SIP-026-2026
B3: ÍTEM | C3: DESCRIPCIÓN | D3: CANTIDADES MENSUALES | E3: VALOR UNITARIO ANTES DE IVA COP$ | F3: VALOR UNITARIO INCLUIDO IVA COP$ | G3: VALOR TOTAL MENSUAL COP$ | H3: VALOR UNITARIO EN UVT
B4: 1 | C4: Comisión fiduciaria mensual por la prestación del servicio de fiducia mercantil para la vocería y administración del patrimonio autónomo del Fondo de Energías No Convencionales y Gestión Eficiente de la Energía –FENOGE–, incluyendo el recaudo, administración e inversión. | D4: 1 | E4: 54998067 | F4: =ROUND(+E4*1.19,0) -> 65447700 | G4: =+F4*D4 -> 65447700 | H4: =+F4/$F$16 -> 1249.6219
B5: 2 | C5: Trámite de contrato inicial, con cargo a la bolsa de recursos destinada a la gestión contractual del patrimonio autónomo. | D5: 53 | E5: 530935 | F5: =ROUND(+E5*1.19,0) -> 631813 | G5: =+F5*D5 -> 33486089 | H5: =+F5/$F$16 -> 12.063486
B6: 3 | C6: Trámite de modificación contractual, con cargo a la bolsa de recursos destinada a la gestión contractual del patrimonio autónomo. | D6: 21 | E6: 380935 | F6: =ROUND(+E6*1.19,0) -> 453313 | G6: =+F6*D6 -> 9519573 | H6: =+F6/$F$16 -> 8.6553061
B7: 4 | C7: Trámite de liquidación de contrato, con cargo a la bolsa de recursos destinada a la gestión contractual del patrimonio autónomo. | D7: 7 | E7: 530935 | F7: =ROUND(+E7*1.19,0) -> 631813 | G7: =+F7*D7 -> 4422691 | H7: =+F7/$F$16 -> 12.063486
B8: 5 | C8: Trámite de giro y/o pago, con cargo a la bolsa de recursos destinada a la operación financiera del patrimonio autónomo. | D8: 356 | E8: 28094 | F8: =ROUND(+E8*1.19,0) -> 33432 | G8: =+F8*D8 -> 11901792 | H8: =+F8/$F$16 -> 0.638332
B9: TOTAL PRESUPUESTO MENSUAL EN $ | G9: =SUM(G4:G8) -> 124777845
B10: TOTAL PRESUPUESTO PARA CINCO (5) MESES EN COP$ | G10: =+G9*5 -> 623889225
B11: TOTAL PRESUPUESTO EQUIVALENTE EN UVT MENSUAL | G11: =+G9/52374 -> 2382.4387
C14: PROYECCIÓN UVT
C15: Vigencia | D15: IPC proyectado | E15: Factor UVT | F15: UVT proyectada*
C16: 2026 | D16: Oficial | E16: Oficial | F16: 52374
C17: 2027 | D17: 0.037 | E17: 1.037 | F17: 54312
C18: 2028 | D18: 0.03 | E18: 1.03 | F18: 55942
C19: 2029 | D19: 0.03 | E19: 1.03 | F19: 57620
C20: 2030 | D20: 0.03 | E20: 1.03 | F20: 59349
C24: Para el presente proceso la SIP 026 - 2026 se utiliza como punto de partida para identificar y homologar los precios de mercado de las actuaciones contractuales, pero no se trasladan mecánicamente sus tres conceptos como cobros independientes. Para efectos del costeo se toma el promedio simple de los tres valores unitarios de mercado (10,93 UVT) como un valor de referencia para una unidad contractual integral, entendida como la gestión del contrato durante su ciclo de vida, incluyendo las modificaciones que requiera y su liquidación. Esta metodología busca evitar una sobreestimación derivada de cobrar separadamente actuaciones que, en la operación real, forman parte de un mismo ciclo contractual

Sheet COSTEO DEL CONTRATO
B2: 1) Comisión Fiduciaria -Componente fijo mensual
B3: Vigencia | C3: 2026 | D3: 2027 | E3: 2028 | F3: 2029 | G3: 2030
B4: UVT Mensual | C4: 1249.62 | D4: 1249.62 | E4: 1249.62 | F4: 1249.62 | G4: 1249.62
B5: Cantidad | C5: 1 | D5: 12 | E5: 12 | F5: 12 | G5: 7
B6: Valor Aprox UVT | C6: 52374 | D6: 54312 | E6: 55942 | F6: 57620 | G6: 59349
B7: TOTAL | C7: =C4*C5*C6 -> 65447598 | D7: =ROUND((D4*D5*D6),0) -> 814432337 | E7: =ROUND((E4*E5*E6),0) -> 838874904 | F7: =ROUND((F4*F5*F6),0) -> 864037253 | G7: =ROUND((G4*G5*G6),0) -> 519145882 | H7: =ROUND(SUM(C7:G7),0) -> 3101937974 | I7: =+H7/H24 -> 0.52158725
B9: =+[1]Contrato!B12 -> 2) Comisión Fiduciaria -Componente variable por PAGOS
B10: Vigencia | C10: 2026 | D10: 2027 | E10: 2028 | F10: 2029 | G10: 2030
B11: UVT por Pago | C11: 0.64 | D11: 0.64 | E11: 0.64 | F11: 0.64 | G11: 0.64
B12: Cantidad | C12: 800 | D12: =800*12 -> 9600 | E12: =800*12 -> 9600 | F12: =800*12 -> 9600 | G12: =800*7 -> 5600 | H12: =SUM(C12:G12) -> 35200
B13: Valor Aprox UVT | C13: =C6 -> 52374 | D13: =D6 -> 54312 | E13: =E6 -> 55942 | F13: =F6 -> 57620 | G13: =G6 -> 59349
B14: TOTAL | C14: =C11*C13*C12 -> 26815488 | D14: =D11*D13*D12 -> 333692928 | E14: =E11*E13*E12 -> 343707648 | F14: =F11*F13*F12 -> 354017280 | G14: =G11*G13*G12 -> 212706816 | H14: =SUM(C14:G14) -> 1270940160 | I14: =+H14/H24 -> 0.21370711
B17: =+[1]Contrato!B23 -> 3) Comisión Fiduciaria -Componente variable por CONTRATOS
B18: Vigencia | C18: 2026 | D18: 2027 | E18: 2028 | F18: 2029 | G18: 2030
B19: UVT por Contrato | C19: 10.93 | D19: 10.93 | E19: 10.93 | F19: 10.93 | G19: 10.93
B20: Cantidad | C20: 212 | D20: 585 | E20: 585 | F20: 585 | G20: 585 | H20: =SUM(C20:G20) -> 2552
B21: Valor Aprox UVT | C21: =C6 -> 52374 | D21: =D6 -> 54312 | E21: =E6 -> 55942 | F21: =F6 -> 57620 | G21: =G6 -> 59349
B22: TOTAL | C22: =ROUND((C19*C20*C21),0) -> 121358938 | D22: =ROUND((D19*D20*D21),0) -> 347273644 | E22: =ROUND((E19*E20*E21),0) -> 357695945 | F22: =ROUND((F19*F20*F21),0) -> 368425161 | G22: =ROUND((G19*G20*G21),0) -> 379480473 | H22: =SUM(C22:G22) -> 1574234161 | I22: =+H22/H24 -> 0.26470564
C23: =+C7+C14+C22 -> 2.1362202e+08 | D23: =+D7+D14+D22 -> 1495398909 | E23: =+E7+E14+E22 -> 1540278497 | F23: =+F7+F14+F22 -> 1586479694 | G23: =+G7+G14+G22 -> 1111333171 | H23: =H22+H14 -> 2845174321
F24: TOTAL CONTRATO | H24: =H7+H23 -> 5947112295
B26: Valor Anual en UVT incluído IVA
B27: Concepto | C27: 2026 | D27: 2027 | E27: 2028 | F27: 2029 | G27: 2030 | H27: TOTAL UVT
B28: Total UVT * Año | C28: =(+C7+C14+C22)/'SIP 026-2026'!F16 -> 4078.78 | D28: =(+D7+D14+D22)/'SIP 026-2026'!F17 -> 27533.49 | E28: =(+E7+E14+E22)/'SIP 026-2026'!F18 -> 27533.49 | F28: =(+F7+F14+F22)/'SIP 026-2026'!F19 -> 27533.49 | G28: =(+G7+G14+G22)/'SIP 026-2026'!F20 -> 18725.39 | H28: =SUM(C28:G28) -> 105404.64

Sheet PRECIOS TECHO
A1: Precios techo de referencia en UVT incluído IVA
A2: Componente | B2: Unidad de medida | C2: Valor en UVT
A3: Comisión Fiduciaria - Componente fijo | B3: Mes | C3: =+'SIP 026-2026'!H4 -> 1249.6219
A4: Pagos, giros y transferencias - Componente Variable | B4: Unidad | C4: =+'SIP 026-2026'!H8 -> 0.638332
A5: Contratos - Componente Variable | B5: Unidad | C5: =+('SIP 026-2026'!H5+'SIP 026-2026'!H6+'SIP 026-2026'!H7)/3 -> 10.927426

Sheet PROYECCIÓN UVT
A1: PROYECCIÓN UVT
A2: Vigencia | B2: IPC proyectado | C2: Factor UVT | D2: Valor UVT proyectada en COP*
A3: 2026 | B3: Oficial | C3: Oficial | D3: 52374
A4: 2027 | B4: 0.037 | C4: 1.037 | D4: 54312
A5: 2028 | B5: 0.03 | C5: 1.03 | D5: 55942
A6: 2029 | B6: 0.03 | C6: 1.03 | D6: 57620
A7: 2030 | B7: 0.03 | C7: 1.03 | D7: 59349
